 Seeded DCSS version 0.25.1-8-g42b30a86e7 (webtiles) character file.

Game seed: 20201210 (custom seed)

2289 radhat240 the Grappler (level 9, -11/83 HPs)
             Began as a Troll Fighter on Dec 15, 2020.
             Was a Follower of Makhleb.
             Killed from afar by Harold (22 damage)
             ... with a harpoon shot
             ... on level 7 of the Dungeon.
             The game lasted 00:19:59 (6022 turns).

radhat240 the Grappler (Troll Fighter)              Turns: 6022, Time: 00:20:00

Health: -11/83     AC:  6    Str: 35    XL:     9   Next: 17%
Magic:  8/8        EV: 10    Int:  4    God:    Makhleb [*.....]
Gold:   339        SH: 13    Dex:  9    Spells: 8/8 levels left

rFire    + . .     SeeInvis .     - Unarmed
rCold    . . .     Gourm    +   b - +2 kite shield
rNeg     . . .     Faith    .   a - +0 robe
rPois    .         Spirit   .   (helmet restricted)
rElec    .         Reflect  .   (no cloak)
rCorr    .         Harm     .   (gloves unavailable)
MR       .....                  (boots unavailable)
Stlth    +.........             j - amulet of regeneration
HPRegen  1.03/turn              r - ring of protection from fire
MPRegen  0.11/turn              c - +6 ring of strength

@: very slightly contaminated
A: large, unfitting armour, claws 3, fast metabolism 3, gourmand, regeneration
1, shaggy fur 1, tough skin 3
a: Renounce Religion


You were on level 7 of the Dungeon.
You worshipped Makhleb.
Makhleb was aware of your devotion.
You were full.

You visited 2 branches of the dungeon, and saw 8 of its levels.
You also visited: Sewer.

You collected 339 gold pieces.

Inventory:

Missiles
 z - 2 large rocks (quivered)
Armour
 a - a +0 robe (worn)
 b - a +2 kite shield (worn)
 i - a +0 pair of boots
 u - a +0 plate armour
Jewellery
 c - a +6 ring of strength (right claw)
 j - an amulet of regeneration (around neck)
 k - an uncursed amulet of faith {unknown}
 r - a ring of protection from fire (left claw)
Scrolls
 e - 4 scrolls of identify {unknown}
 f - 4 scrolls of amnesia {unknown}
 m - 7 scrolls of teleportation {unknown}
 n - 2 scrolls of enchant armour
 o - 4 scrolls of remove curse {unknown}
 p - a scroll of immolation {unknown}
 q - 2 scrolls of blinking
 s - 2 scrolls of fear {unknown}
 x - a scroll of magic mapping {unknown}
 y - a scroll of enchant weapon {unknown}
 A - a scroll of noise {unknown}
Potions
 g - 2 potions of might
 l - a potion of brilliance {unknown}
 t - 2 potions of haste {unknown}
 v - a potion of ambrosia {unknown}
 w - 2 potions of magic {unknown}
Comestibles
 d - 22 rations


   Skills:
 + Level 3.4 Fighting
 + Level 5.0 Dodging
 + Level 1.2 Stealth
 + Level 6.0 Shields
 + Level 8.2 Unarmed Combat


You had 8 spell levels left.
You didn't know any spells.
Your spell library contained the following spells:

 Spells                   Type           Power        Failure   Level  Hunger
 Animate Skeleton         Necr           N/A          73%         1    ##.....
 Apportation              Tloc           #.....       73%         1    ##.....
 Corona                   Hex            #......      73%         1    ##.....
 Summon Small Mammal      Summ           #...         73%         1    ##.....


Dungeon Overview and Level Annotations

Branches:
Dungeon (7/15)             Temple (1/1) D:6           Sewer (visited)

Altars:
Ashenzari
Dithmenos
Fedhas
Gozag
Hepliaklqana
Kikubaaqudgha
Makhleb
Nemelex Xobeh
Okawaru
Qazlal
Sif Muna
Trog
Uskayaw
Vehumet
Wu Jian
Xom
Yredelemnul
Zin
The Shining One

Annotations:
D:7 Harold


Innate Abilities, Weirdness & Mutations

You are too large for most types of armour.
You have claws for hands.
Your metabolism is lightning-fast.
You like to eat raw meat.
Your natural rate of healing is unusually fast.
You are covered in fur. (AC +1)
You have extremely tough skin. (AC +3)


Message History

Harold draws strength from your wounds!
You claw Harold!
Harold is lightly wounded.
Harold closely misses you.
Okay, then.
It was a potion of curing.
You feel better.
Harold hits you with a +2 vampiric war axe!
* * * LOW HITPOINT WARNING * * *
Harold draws strength from your wounds!
You feel better.
Harold hits you with a +2 vampiric war axe!
* * * LOW HITPOINT WARNING * * *
Blink to where?
Press: ? - help, Dir - move target cursor You are very lightly contaminated with residual magic.
As you read the scroll labeled AFISYJ ABLAHU, it crumbles to dust.
It was a scroll of blinking.
Harold fires a harpoon shot at you. The harpoon shot hits you!!
You die...

##.## ##..###....###
##.####...##......##
##........#.........
#....###.....##.....
##.@..#
##....####..>
##..#..# ##..###
##.. ##(.##..#
##...####..
##.(###..#
#..........
#..@###@.#
##.#####....
#.#.@##..# #..#
###.. #.##..#..#
#..# #.. #.
......###.## #.. .
#.....#...## #.. #
..........######..#
.....#####........#
.....## ##.....#..
..## ##.#####.


You could see Harold.

Vanquished Creatures
  Pikel (D:5)
  A hippogriff (D:7)
  An ice beast (D:5)
  An orc warrior (D:6)
  A black bear (D:7)
  2 ogres
  A centaur (D:6)
  2 bullfrogs
  4 killer bees (D:6)
  4 crimson imps
  A jelly (D:5)
  A quasit (D:7)
  2 hounds (D:5)
  4 orc wizards
  2 orc priests
  A bullfrog skeleton (D:5)
  An iguana (D:5)
  5 worker ants
  4 gnolls
  8 adders
  An ooze (D:2)
  2 adder skeletons
  5 worms
  4 dart slugs
  5 leopard geckos
  15 orcs
  6 ball pythons (Sewer)
  6 bats (D:1)
  7 giant cockroaches
  6 goblins
  14 hobgoblins
  8 jackals
  7 frilled lizards
  13 kobolds
  A leopard gecko skeleton (D:5)
  12 rats
  7 plants (Sewer)
166 creatures vanquished.

Notes
Turn   | Place    | Note
-------+----------+-------------------------------------------
     0 | D:1      | radhat240 the Troll Fighter began the quest for the Orb.
     0 | D:1      | Reached XP level 1. HP: 22/22 MP: 0/0
   151 | D:1      | Reached XP level 2. HP: 19/29 MP: 1/1
   231 | D:1      | Reached XP level 3. HP: 33/36 MP: 2/2
   838 | D:2      | Found a radiant altar of Vehumet.
   839 | D:2      | Found a basalt altar of Yredelemnul.
   840 | D:2      | Found a shadowy altar of Dithmenos.
   894 | D:2      | Reached XP level 4. HP: 43/44 MP: 3/3
  1154 | D:2      | Reached skill level 3 in Unarmed Combat
  1720 | D:3      | Reached XP level 5. HP: 50/50 MP: 4/4
  2555 | D:4      | Noticed a moth of wrath
  2558 | D:4      | Found a bloodstained altar of Trog.
  2809 | D:5      | Entered Level 5 of the Dungeon
  2933 | D:5      | Noticed an ice beast
  2978 | D:5      | Reached skill level 4 in Unarmed Combat
  2979 | D:5      | Reached XP level 6. HP: 57/59 MP: 5/5
  3008 | D:5      | Killed an ice beast
  3065 | D:5      | Reached XP level 7. HP: 64/66 MP: 6/6
  3146 | D:5      | Reached skill level 5 in Unarmed Combat
  3276 | D:5      | Noticed Pikel
  3289 | D:5      | Killed Pikel
  3289 | D:5      | Reached skill level 6 in Unarmed Combat
  3289 | D:5      | Reached XP level 8. HP: 24/75 MP: 7/7
  3704 | D:6      | Found a staircase to the Ecumenical Temple.
  3723 | D:6      | Reached skill level 5 in Shields
  3760 | D:6      | Found a glowing drain.
  3790 | Sewer    | Entered a sewer
  4482 | D:6      | Reached skill level 1 in Stealth
  4567 | D:6      | Found a shattered altar of Ashenzari.
  4637 | D:6      | Reached skill level 7 in Unarmed Combat
  4662 | Temple   | Entered the Ecumenical Temple
  4678 | Temple   | Became a worshipper of Makhleb the Destroyer
  4954 | D:6      | Found an ancient bone altar of Kikubaaqudgha.
  5616 | D:7      | Noticed a hippogriff
  5631 | D:7      | Killed a hippogriff
  5631 | D:7      | Reached XP level 9. HP: 72/83 MP: 8/8
  5748 | D:7      | Reached * piety under Makhleb
  5748 | D:7      | Reached skill level 5 in Dodging
  5748 | D:7      | Reached skill level 8 in Unarmed Combat
  6003 | D:7      | Noticed Harold
  6012 | D:7      | HP: 1/83 [Harold/+2 vampiric war axe (19)]
  6022 | D:7      | Killed from afar by Harold

Illustrated notes

Levels and vault maps discovered:
D:1:      dpeg_arrival_snail, layout_basic
D:2:      layout_basic, chequers_temple_overflow_statue_of_worship,
          minmay_hedge_maze, minmay_misc_feat_five
D:3:      layout_basic
D:4:      layout_loops_ring, tgw_trog, first_ration, minmay_distorted
D:5:      layout_basic, kennysheep_nub, minmay_fractal_squares_diagonal_5,
          uniq_pikel
D:6:      layout_loops_ring, kennysheep_mini_moat,
          minmay_temple_entry_overgrown, gup_sewer_entry_glass,
          cheibrodos_ashenzari_chains
D:7:      layout_layer_cave, nicolae_overflow_crystal_walls,
          lemuel_doored_altar, uniq_harold
Temple:   eino_narrow_crystal_temple

Skill      XL: |  1  2  3  4  5  6  7  8  9 |
---------------+----------------------------+-----
Shields        | 3 4 5 6 |  6.0
Dodging        | 3 4 5 |  5.0
Unarmed Combat | 3 4 6 7 8 |  8.2
Fighting       | 3 |  3.4
Stealth        | 1 |  1.2

Action                   |  1- 3 |  4- 6 |  7- 9 || total
-------------------------+-------+-------+-------++-------
Melee: Unarmed           |   135 |   205 |   250 ||   590
  Use: Scroll            |     2 |       |     1 ||     3
       Potion            |       |       |     3 ||     3
 Stab: Sleeping          |       |       |     2 ||     2
  Eat: Chunk             |    14 |    19 |    27 ||    60
Armor: Robe              |    93 |    56 |    40 ||   189
Dodge: Dodged            |    58 |    61 |    53 ||   172
Block: Kite shield       |   111 |   119 |   131 ||   361
